 Dungeon Crawl Stone Soup version 0.24.0-29-g8ce449bc06 (webtiles) character file.

Game seed: 10158201495878730740, levelgen mode: deterministic

693 FishyPogo the Skirmisher (level 7, -1/71 HPs)
             Began as a Troll Chaos Knight on Nov 15, 2019.
             Was a Plaything of Xom.
             Slain by a gnoll
             ... wielding a +0 halberd
              (5 damage)
             ... on level 5 of the Dungeon.
             The game lasted 00:06:20 (2574 turns).

FishyPogo the Skirmisher (Troll Chaos Knight)       Turns: 2574, Time: 00:06:20

Health: -1/71      AC:  8    Str: 20    XL:     7   Next: 37%
Magic:  0/6        EV: 19    Int: 14    God:    Xom [.*....]
Gold:   25         SH:  0    Dex: 15    Spells: 6/6 levels left

rFire    . . .     SeeInvis +   x - +4 war axe
rCold    . . .     Gourm    +   (no shield)
rNeg     . . .     Faith    .   a - +2 robe
rPois    .         Spirit   +   (helmet restricted)
rElec    .         Reflect  .   w - scarf {Spirit}
rCorr    .         Harm     +   (gloves unavailable)
MR       .....     Rnd*Tele +   (boots unavailable)
Stlth    ++........             z - amulet "Kucerch" {Harm *Drain Int+6}
HPRegen  0.61/turn              e - ring of teleportation (curse)
MPRegen  0.10/turn              g - ring of see invisible

@: agile, lethally poisoned (-1 -> -1)
A: large, unfitting armour, claws 3, repulsion field 1, fast metabolism 3,
gourmand, regeneration 1, shaggy fur 1, tough skin 3, weak 1
a: Renounce Religion


You were on level 5 of the Dungeon.
You worshipped Xom.
You were a plaything of Xom.
You were very full.

You visited 1 branch of the dungeon, and saw 5 of its levels.

You collected 180 gold pieces.
You spent 155 gold pieces at shops.

Inventory:

Hand Weapons
 j - a +1 dagger of freezing
 x - a +4 war axe (weapon)
Missiles
 d - 110 stones (quivered)
Armour
 a - a +2 robe (worn)
 w - a scarf of spirit shield (worn)
Jewellery
 e - a cursed ring of teleportation (left claw)
 g - a ring of see invisible (right claw)
 z - the amulet "Kucerch" (around neck) {Harm *Drain Int+6}
   (You bought it in a shop on level 4 of the Dungeon)

   [amulet of harm]

   It increases damage dealt and taken.
   It affects your intelligence (+6).
   It causes draining when unequipped.
Scrolls
 f - a scroll of remove curse {unknown}
 h - a scroll of enchant weapon {unknown}
 i - 2 scrolls of magic mapping {unknown}
 k - 2 scrolls of teleportation {unknown}
 n - 5 scrolls of identify {unknown}
 o - 3 scrolls of amnesia {unknown}
 t - a scroll of fear {unknown}
 u - a scroll of enchant armour {unknown}
 v - a scroll of random uselessness {unknown}
 y - a scroll of fog {unknown}
Potions
 c - a potion of lignification {unknown}
 p - a potion of ambrosia {unknown}
 r - a potion of cancellation {unknown}
 s - a potion of resistance {unknown}
Comestibles
 b - 10 rations
 m - a chunk of flesh


   Skills:
 * Level 4.9 Fighting
 * Level 2.7 Axes
 * Level 4.5 Dodging
 - Level 3.1 Unarmed Combat


You had 6 spell levels left.
You didn't know any spells.
Your spell library was empty.

Dungeon Overview and Level Annotations

Branches:
Dungeon (5/15)
 Temple: D:4-7

Altars:
Dithmenos
Qazlal

Shops:
D:4 *


Innate Abilities, Weirdness & Mutations

You are too large for most types of armour.
You have claws for hands.
Your metabolism is lightning-fast.
You like to eat raw meat.
Your natural rate of healing is unusually fast.
You are covered in fur. (AC +1)
You have extremely tough skin. (AC +3)
You are surrounded by a mild repulsion field. (EV +2)
You are weak. (Str -2)


Message History

The gnoll hits you from afar with a +0 halberd!
* * * LOW HITPOINT WARNING * * *
The gnoll closely misses you.
You feel sick.
Things that are here:
a +0 club; a +0 spear You hit the gnoll but do no damage.
You feel sick.
The shadow imp lashes its tail.
The gnoll hits you but does no damage.
It was a potion of agility.
You feel agile all of a sudden. The gnoll closely misses you.
You slash the gnoll!
The gnoll is almost dead.
You feel sick. The gnoll misses you.
You barely miss the gnoll.
The gnoll is almost dead.
You feel sick. The gnoll barely misses you.
The gnoll hits you with a +0 halberd.
You die...

### ..#
####.##
#...5.
#.##g#
#.##$##@#
#...<.†)#
##.#.##.#
# #.##.#
..##.#
..###.#
#.. #.#
#.. ..#
##. ##


You could see a gnoll and a shadow imp.

Vanquished Creatures
  An orc warrior (D:4)
  A gnoll sergeant (D:5)
  A scorpion (D:4)
  2 crimson imps
  2 hounds (D:4)
  3 orc wizards
  3 worker ants (D:4)
  3 gnolls (D:5)
  9 adders
  5 worms
  A dart slug (D:1)
  3 leopard geckos
  13 orcs
  6 giant cockroaches
  5 goblins
  7 hobgoblins
  5 kobolds
  2 quokkas
  7 bats
  3 frilled lizards
  7 rats
89 creatures vanquished.

Notes
Turn   | Place    | Note
-------+----------+-------------------------------------------
     0 | D:1      | FishyPogo the Troll Chaos Knight began the quest for the
                  | Orb.
     0 | D:1      | Reached XP level 1. HP: 22/22 MP: 0/0
   149 | D:1      | Reached XP level 2. HP: 29/29 MP: 1/1
   628 | D:2      | Reached XP level 3. HP: 37/37 MP: 2/2
  1024 | D:2      | XOM: noise
  1119 | D:3      | Reached XP level 4. HP: 43/45 MP: 3/3
  1174 | D:3      | XOM: silly message
  1332 | D:3      | Reached XP level 5. HP: 45/54 MP: 4/4
  1431 | D:3      | XOM: divination: magic mapping
  1598 | D:3      | XOM: give mutation
  1598 | D:3      | Gained mutation: You are surrounded by a mild repulsion
                  | field. (EV +2) [Xom's mischief]
  1788 | D:4      | Found a shadowy altar of Dithmenos.
  1795 | D:4      | Found a stormy altar of Qazlal.
  1800 | D:4      | XOM: noise
  1865 | D:4      | Found Nastreza's Assorted Antiques.
  1873 | D:4      | Bought a translucent platinum amulet for 155 gold pieces
  1874 | D:4      | Identified the amulet "Kucerch" {Harm *Drain Int+6} (You
                  | bought it in a shop on level 4 of the Dungeon)
  1883 | D:4      | Noticed an orc warrior
  1889 | D:4      | Killed an orc warrior
  1889 | D:4      | Reached skill level 1 in Axes
  1889 | D:4      | Reached XP level 6. HP: 62/62 MP: 5/5
  2208 | D:4      | Reached XP level 7. HP: 57/71 MP: 4/6
  2284 | D:4      | XOM: give mutation
  2284 | D:4      | Gained mutation: You are weak. (Str -2) [Xom's mischief]
  2551 | D:5      | Entered Level 5 of the Dungeon
  2574 | D:5      | Slain by a gnoll

Levels and vault maps discovered:
D:1:      saegor_arrival_simple_a, layout_basic
D:2:      layout_rooms, minmay_tromino_i2
D:3:      layout_loops_ring
D:4:      layout_basic, minitemple, serial_shops, shop
D:5:      layout_loops_cross, grunt_temple_overflow_cloverleaf, first_ration,
          biasface_ghost_orc_armoury

Skill      XL: |  1  2  3  4  5  6 |
---------------+-------------------+-----
Dodging        | 2 3 4 |  4.5
Fighting       | 3 4 |  4.9
Axes           | 1 2 |  2.7
Unarmed Combat | |  3.1

Action                   |  1- 3 |  4- 6 |  7- 9 || total
-------------------------+-------+-------+-------++-------
Melee: Unarmed           |    82 |    73 |       ||   155
       War axe           |       |    63 |    27 ||    90
       Punch             |       |       |     1 ||     1
  Use: Potion            |       |       |     3 ||     3
 Stab: Sleeping          |     1 |     1 |       ||     2
  Eat: Chunk             |    16 |    10 |     3 ||    29
Armor: Robe              |    23 |    64 |    14 ||   101
Dodge: Dodged            |    40 |    84 |    29 ||   153
